Map: Cosmic Sapphire

Players

Torkk

  • Race: Protoss Protoss
  • Spawn Location: 11:00

Zoun - Winner!

  • Race: Protoss Protoss
  • Spawn Location: 5:00

Event: DreamHack SC2 Masters 2022 Atlanta (Offline)

VOD

Have the link to the VOD?

Description

Time

  • Played on: Nov. 18, 2022, 9:45 a.m.
  • Length: 7:07

All games in this series

Show
View Real Time Build Order
Export as new Build Order

Torkk Protoss 

Build Orders: Oracle Opening 

Get SALT Encoding   

  12  0:00  Probe  
  13  0:12  Probe  
  14  0:17  Pylon  
  14  0:24  Probe (Chrono Boost)  
  15  0:36  Probe (Chrono Boost)  
  15  0:38  Gateway  
  16  0:45  Probe (Chrono Boost)  
  16  0:47  Assimilator  
  17  0:50  Probe  
  17  0:55  Assimilator  
  18  1:07  Probe (Chrono Boost)  
  19  1:15  Gateway  
  20  1:19  Probe (Chrono Boost)  
  20  1:24  Probe (Chrono Boost)  
  21  1:35  Cybernetics Core  
  21  1:38  Probe  
  22  1:44  Pylon  
  22  1:54  Probe  
  23  2:06  Probe  
  24  2:16  Warp Gate, Stalker x2  
  24  2:21  Probe  
  29  2:26  Stargate  
  29  2:50  Nexus  
  29  2:53  Shield Battery  
  29  3:05  Shield Battery  
  30  3:16  Pylon  
  29  3:26  Probe  
  30  3:32  Shield Battery, Oracle (Chrono Boost)  
  30  3:38  Probe  
  30  3:41  Twilight Council  
  34  3:50  Probe  
  35  4:01  Oracle (Chrono Boost)  
  35  4:02  Shield Battery  
  38  4:03  Probe  
  38  4:06  Probe  
  40  4:11  Stalker  
  40  4:12  Stalker  
  40  4:15  Probe  
  45  4:18  Probe  
  45  4:19  Shield Battery  
  46  4:27  Probe  
  44  4:38  Blink (Chrono Boost)  
  37  5:06  Probe x2  
  39  5:08  Pylon  
  39  5:10  Shield Battery  
  39  5:11  Stalker  
  39  5:12  Stalker  
  43  5:15  Pylon  
  43  5:18  Probe x2  
  45  5:29  Nexus  
  45  5:30  Probe x2  
  47  5:42  Probe x2  
  49  5:44  Assimilator  
  48  5:50  Shield Battery  
  48  5:54  Probe x2  
  49  6:04  Stalker x2  
  49  6:06  Probe  
  49  6:07  Probe  
  55  6:15  Pylon  
  55  6:19  Probe x2  
  57  6:31  Probe  
  58  6:34  Pylon  
  58  6:36  Gateway  
  58  6:38  Gateway, Pylon  
  58  6:39  Sentry, Gateway  
  60  6:40  Sentry  
  60  6:41  Gateway  
  60  6:46  Probe  
Show
View Real Time Build Order
Export as new Build Order

Zoun Protoss - Winner!

Build Orders: Phoenix Opening 

Get SALT Encoding   

  12  0:00  Probe  
  13  0:12  Probe  
  14  0:17  Pylon  
  14  0:24  Probe (Chrono Boost)  
  15  0:36  Probe (Chrono Boost)  
  15  0:37  Gateway  
  16  0:45  Probe (Chrono Boost)  
  16  0:47  Assimilator  
  17  0:51  Probe  
  18  1:01  Assimilator  
  18  1:03  Probe (Chrono Boost)  
  19  1:09  Gateway  
  19  1:14  Probe (Chrono Boost)  
  20  1:19  Probe (Chrono Boost)  
  21  1:26  Cybernetics Core  
  21  1:29  Probe  
  22  1:35  Pylon  
  22  1:41  Probe  
  23  1:53  Probe  
  24  2:02  Adept, Stalker  
  24  2:03  Warp Gate  
  24  2:05  Probe  
  29  2:12  Pylon  
  29  2:21  Stargate  
  29  2:40  Stalker x2  
  33  3:05  Nexus  
  33  3:09  Phoenix (Chrono Boost)  
  35  3:17  Shield Battery  
  35  3:23  Pylon  
  35  3:33  Phoenix  
  37  3:37  Probe  
  38  3:45  Twilight Council  
  38  3:49  Probe  
  39  3:58  Phoenix  
  41  4:03  Probe  
  42  4:15  Probe  
  43  4:18  Probe  
  43  4:23  Blink (Chrono Boost)  
  44  4:27  Probe (Chrono Boost)  
  44  4:30  Probe (Chrono Boost)  
  44  4:34  Stalker  
  47  4:38  Probe (Chrono Boost)  
  47  4:40  Probe (Chrono Boost), Stalker  
  47  4:43  Probe (Chrono Boost)  
  47  4:45  Probe (Chrono Boost)  
  52  4:53  Probe  
  52  4:57  Stalker  
  52  4:59  Probe  
  56  5:01  Gateway  
  57  5:07  Probe  
  57  5:09  Robotics Facility, Assimilator  
  57  5:12  Probe  
  58  5:17  Pylon  
  58  5:19  Probe  
  59  5:24  Probe  
  59  5:25  Pylon  
  60  5:29  Sentry  
  60  5:35  Probe  
  63  5:36  Probe  
  64  5:47  Nexus, Probe  
  64  5:48  Pylon  
  65  5:50  Stalker  
  65  5:53  Warp Prism (Chrono Boost)  
  69  6:02  Stalker  
  71  6:05  Stalker  
  71  6:10  Shield Battery  
  73  6:14  Stalker  
  75  6:20  Probe x2  
  75  6:22  Observer  
  78  6:30  Stalker  
  78  6:31  Stalker  
  82  6:36  Probe x2  
  82  6:37  Forge  
  84  6:45  Stalker  
  86  6:50  Pylon  
Tags
 
Add a new tag
Caveats
  • Supply blocks, unpowered buildings, or Contaminate may cause inaccurate times.
  • Supply counts are checked every 10 seconds.